 Dungeon Crawl Stone Soup version 0.24-a0-517-gd52e2fb918 (webtiles) character file.

Game seed: 3930495537937979135

33798 nikopol the Severer (level 13, -9/117 HPs)
             Began as a Minotaur Berserker on July 22, 2019.
             Was a High Priest of Trog.
             Splashed by Nessos's acid (12 damage)
             ... on level 5 of the Lair of Beasts.
             The game lasted 00:38:25 (17022 turns).

nikopol the Severer (Minotaur Berserker)           Turns: 17022, Time: 00:38:25

Health: -9/117     AC:  6    Str: 30    XL:     13   Next: 38%
Magic:  12/12      EV: 13    Int:  4    God:    Trog [*****.]
Gold:   675        SH:  0    Dex: 10    Spells: 12/12 levels left

rFire    + + .     SeeInvis .   a - +0 broad axe (flame)
rCold    . . .     Gourm    .   (no shield)
rNeg     . . .     Faith    .   X - +2 scale mail {rF+}
rPois    .         Spirit   .   (helmet restricted)
rElec    .         Reflect  .   g - +2 cloak
rCorr    .         Harm     .   (no gloves)
MR       .....     Rnd*Tele +   (no boots)
Stlth    +.........             (no amulet)
HPRegen  0.29/turn              k - ring of protection from fire
MPRegen  0.13/turn              F - +3 ring of strength

@: about to teleport, frozen, corroded, very slow
A: retaliatory headbutt, horns 2, teleportitis 1, sturdy frame 1
a: Berserk, Trog's Hand, Brothers in Arms, Renounce Religion


You were on level 5 of the Lair of Beasts.
You worshipped Trog.
Trog was extremely pleased with you.
You were hungry.

You visited 2 branches of the dungeon, and saw 15 of its levels.
You also visited: Volcano.

You collected 1070 gold pieces.
You spent 395 gold pieces at shops.

Inventory:

Hand Weapons
 a - a +0 broad axe of flaming (weapon)
 z - a +2 shortbow of flaming
Missiles
 q - 124 bolts
 L - 487 arrows
Armour
 g - a +2 cloak (worn)
 Q - a +0 chain mail of fire resistance
 X - a +2 scale mail of fire resistance (worn)
Jewellery
 k - a ring of protection from fire (left hand)
 o - an uncursed ring of flight
 F - a +3 ring of strength (right hand)
 O - an uncursed ring of protection from cold
 P - an uncursed ring of positive energy
Wands
 f - a wand of clouds (7)
 r - a wand of polymorph (7)
 w - a wand of digging (16)
 I - a wand of random effects (39)
 N - a wand of iceblast (21)
 S - a wand of acid (7)
 T - a wand of enslavement (12)
 U - a wand of flame (45)
 Y - a wand of paralysis (8)
Scrolls
 h - 2 scrolls of fear
 j - 2 scrolls of identify
 m - 5 scrolls of immolation
 p - 4 scrolls of enchant weapon
 t - 2 scrolls of fog
 u - a scroll of amnesia
 v - 5 scrolls of teleportation
 x - 2 scrolls of magic mapping
 y - 4 scrolls of random uselessness {unknown}
 C - 8 scrolls of remove curse
 H - a scroll of torment {unknown}
 K - 3 scrolls of enchant armour
Potions
 b - a potion of berserk rage
 d - 2 potions of degeneration
 e - 4 potions of curing
 i - a potion of magic {unknown}
 l - 5 potions of heal wounds
 n - 2 potions of lignification
 s - a potion of resistance
 A - a potion of agility
 B - a potion of invisibility
 D - 2 potions of might
 E - 3 potions of cancellation
 G - a potion of experience
 J - a potion of haste
 R - 6 potions of flight
 W - 4 potions of brilliance
Comestibles
 c - 23 rations


   Skills:
 + Level 11.9 Fighting
 * Level 15.2 Axes
   Level 1.5(10.3) Maces & Flails
 * Level 14.0 Bows
 + Level 9.6 Armour
 + Level 6.1 Dodging
 + Level 2.8 Stealth


You had 12 spell levels left.
You didn't know any spells.
Your spell library was empty.

Dungeon Overview and Level Annotations

Branches:
Dungeon (10/15)            Temple (0/1) D:6            Lair (5/6) D:9
 Shoals (0/4) Lair:4        Snake (0/4) Lair:3          Orc (0/2) D:10
  Slime: Lair:5-6

Altars:
Dithmenos
Hepliaklqana
Qazlal
Ru
Xom

Shops:
D:4 !   D:8 }   D:9 !

Annotations:
Lair:1 3 runed translucent doors, mhoghedin's ghost, novice DrWn
Lair:5 Nessos


Innate Abilities, Weirdness & Mutations

You reflexively headbutt those who attack you in melee.
You have a pair of horns on your head.
You are occasionally teleported next to monsters.
Your movements are slightly less encumbered by armour. (ER -2)


Message History

The rime drake breathes ice at you. The flash freeze hits you!
You are encased in ice.
Okay, then.
Wield which item (- for none, * to show all)? (? for menu, Esc to quit)
Your +2 shortbow of flaming stops flaming.
Your +0 broad axe of flaming bursts into flame!
a - a +0 broad axe of flaming (weapon)
Nessos zaps a wand.
The bolt of acid misses you.
You closely miss the rime drake.
Nessos stands on their hind legs for a moment.
Nessos zaps a wand.
The bolt of acid hits you!
* * * LOW HITPOINT WARNING * * *
The acid corrodes you!
You are splashed with acid!
* * * LOW HITPOINT WARNING * * *
The rime drake bites you but does no damage.
Nessos zaps a wand.
The bolt of acid hits you.
* * * LOW HITPOINT WARNING * * *
The acid corrodes you!
You are splashed with acid!
You die...

............^.#
P.............<..#
.................###
...................#
..................##
..........##.#.#.##
............((...#
...........(.#.P..#
....$..@((.........#
?.....(k(.(......###
.................#
..#(P(#P..........#
..c.(............##
..(..............#
...P..##.....#....
##.#.. ##.##..#..


You could see Nessos and a rime drake.

Vanquished Creatures
  A fire dragon (D:9)
  Harold (Lair:1)
  4 hydras
  A centaur warrior (Volcano)
  3 two-headed ogres
  Sonja (Lair:2)
  Pikel (D:4)
  A lindwurm (Lair:4)
  A deep elf mage (D:8)
  A cyclops (D:8)
  An oklob plant (Lair:1)
  A manticore (D:8)
  A black mamba (Lair:1)
  2 merfolk sirens (Lair:4)
  8 spiny frogs
  2 rime drakes
  5 komodo dragons
  3 yaktaurs (Volcano)
  A troll (D:9)
  A queen bee (D:10)
  A hornet (D:8)
  A polar bear (Lair:4)
  4 hippogriffs
  A human (D:7)
  38 yaks
  2 basilisks (Lair:1)
  3 hogs (D:7)
  Menkaure (D:6)
  Duvessa (D:4)
  12 porcupines
  8 water moccasins
  2 sky beasts
  2 black bears
  4 orc warriors (D:10)
  4 phantoms
  2 ice beasts
  A necrophage (D:9)
  2 slaves (D:4)
  10 wolves (Lair:1)
  6 ogres
  12 centaurs
  8 crocodiles
  A big kobold (D:7)
  16 bullfrogs
  A wyvern zombie (D:9)
  Dowan (D:4)
  3 scorpions
  24 killer bees
  A howler monkey (D:9)
  An electric eel (Lair:4)
  7 crimson imps
  2 bullfrog zombies
  A centaur zombie (D:7)
  5 hounds
  A quasit (D:7)
  3 orc priests (D:10)
  Crazy Yiuf (D:4)
  2 gnoll shamans
  3 orc wizards
  3 bullfrog skeletons
  5 hell rats (Lair:4)
  Natasha (twice) (D:3)
  3 iguanas
  8 worker ants
  A hound skeleton (D:10)
  2 howler monkey zombies
  10 gnolls
  8 adders
  2 shadow imps
  An ooze (D:2)
  An adder zombie (D:5)
  2 adder skeletons
  A worm (D:6)
  3 dart slugs
  4 leopard geckos (D:3)
  22 orcs
  6 giant cockroaches
  8 goblins
  7 hobgoblins
  6 jackals
  3 quokkas
  2 ball pythons (D:1)
  2 bats
  7 frilled lizards
  A giant cockroach zombie (D:5)
  2 jackal zombies (D:5)
  12 kobolds
  A quokka zombie (D:9)
  4 rats
  A butterfly (Lair:1)
  4 fungi
382 creatures vanquished.

Vanquished Creatures (others)
  A worm (D:4)
  A plant (Lair:1)
2 creatures vanquished.

Grand Total: 384 creatures vanquished

Notes
Turn   | Place    | Note
-------+----------+-------------------------------------------
     0 | D:1      | nikopol the Minotaur Berserker began the quest for the Orb.
     0 | D:1      | Reached XP level 1. HP: 19/19 MP: 0/0
   276 | D:1      | Reached XP level 2. HP: 23/27 MP: 1/1
   482 | D:1      | Reached skill level 4 in Axes
   673 | D:2      | Reached XP level 3. HP: 28/34 MP: 2/2
   774 | D:2      | Reached ** piety under Trog
  1284 | D:3      | Reached XP level 4. HP: 37/41 MP: 3/3
  1293 | D:3      | Reached skill level 5 in Fighting
  1505 | D:3      | Found a faded altar of an unknown god.
  1656 | D:3      | Noticed Natasha
  1663 | D:3      | Killed Natasha
  1663 | D:3      | Reached skill level 5 in Axes
  1675 | D:3      | Found a hazy altar of Hepliaklqana.
  1676 | D:3      | Found a shimmering altar of Xom.
  1676 | D:3      | Noticed a yak
  1677 | D:3      | Noticed a spectral ugly thing
  1677 | D:3      | Noticed a yak
  1683 | D:3      | Reached XP level 5. HP: 42/48 MP: 4/4
  1818 | D:3      | Noticed Natasha
  1827 | D:3      | Killed Natasha
  2025 | D:4      | Noticed Duvessa
  2026 | D:4      | Noticed Dowan
  2035 | D:4      | Killed Dowan
  2040 | D:4      | Killed Duvessa
  2040 | D:4      | Reached *** piety under Trog
  2040 | D:4      | Reached skill level 6 in Axes
  2040 | D:4      | Reached XP level 6. HP: 44/57 MP: 5/5
  2189 | D:4      | Reached skill level 1 in Stealth
  2210 | D:4      | Found Acetikia's Distillery.
  2221 | D:4      | Bought 2 potions of might for 96 gold pieces
  2355 | D:4      | Noticed a slave
  2355 | D:4      | Noticed a slave
  2355 | D:4      | Noticed a sky beast
  2357 | D:4      | Noticed Pikel
  2534 | D:4      | Noticed a slave
  2536 | D:4      | Noticed a slave
  2544 | D:4      | Killed a slave
  2545 | D:4      | Killed a slave
  2551 | D:4      | Killed Pikel
  2551 | D:4      | Reached skill level 8 in Axes
  2551 | D:4      | Reached XP level 7. HP: 64/64 MP: 6/6
  2751 | D:4      | Found a runed translucent door.
  2752 | D:4      | Noticed Crazy Yiuf
  2760 | D:4      | Killed Crazy Yiuf
  2788 | D:5      | Entered Level 5 of the Dungeon
  2815 | D:5      | Reached XP level 8. HP: 71/71 MP: 7/7
  2860 | D:5      | Reached skill level 9 in Axes
  3330 | D:6      | Found a staircase to the Ecumenical Temple.
  3333 | D:6      | Noticed Menkaure
  3604 | D:6      | Killed Menkaure
  3604 | D:6      | Reached skill level 10 in Axes
  4094 | D:7      | Reached skill level 5 in Armour
  4111 | D:7      | Reached XP level 9. HP: 42/81 MP: 8/8
  4484 | D:7      | Reached **** piety under Trog
  4543 | D:7      | Reached skill level 1 in Bows
  4574 | D:7      | Reached skill level 5 in Dodging
  4670 | D:7      | Received a gift from Trog
  4895 | D:7      | Reached skill level 11 in Axes
  4895 | D:7      | Reached skill level 5 in Bows
  5133 | D:8      | Found a stormy altar of Qazlal.
  5331 | D:8      | Found Ewno Bep's Gadget Shoppe.
  5469 | D:8      | Found a sacrificial altar of Ru.
  5619 | D:8      | Reached XP level 10. HP: 90/90 MP: 9/9
  5635 | D:8      | Noticed a cyclops
  5649 | D:8      | Killed a cyclops
  5812 | D:8      | Noticed a deep elf mage
  5815 | D:8      | Noticed a manticore
  5858 | D:8      | Paralysed by a hornet for 1 turns
  5869 | D:8      | Noticed a rust devil
  5870 | D:8      | Killed a deep elf mage
  5875 | D:8      | HP: 4/91 [poisoned by a hornet]
  6254 | D:8      | Killed a manticore
  6639 | D:8      | Received a gift from Trog
  6979 | D:9      | Found Waeqoh's Distillery.
  6982 | D:9      | Bought a potion of heal wounds for 65 gold pieces
  6982 | D:9      | Bought a potion of heal wounds for 65 gold pieces
  6982 | D:9      | Bought a potion of haste for 130 gold pieces
  6982 | D:9      | Bought a potion of curing for 39 gold pieces
  7136 | D:9      | Reached skill level 12 in Axes
  7143 | D:9      | Received a gift from Trog
  7184 | D:9      | Noticed a two-headed ogre
  7195 | D:9      | Killed a two-headed ogre
  7310 | D:9      | Reached XP level 11. HP: 22/96 MP: 10/10
  7792 | D:9      | Noticed a fire dragon
  7812 | D:9      | Killed a fire dragon
  8075 | D:9      | Found a staircase to the Lair.
  8178 | D:9      | Found a shadowy altar of Dithmenos.
  8314 | D:10     | Entered Level 10 of the Dungeon
  8427 | D:10     | Reached skill level 10 in Bows
  8652 | D:10     | Noticed a two-headed ogre
  8664 | D:10     | Killed a two-headed ogre
  8810 | D:10     | Reached skill level 13 in Axes
  9232 | D:10     | Received a gift from Trog
  9331 | D:10     | Noticed a two-headed ogre
  9338 | D:10     | Killed a two-headed ogre
  9344 | D:10     | Reached skill level 10 in Fighting
  9383 | D:10     | Received a gift from Trog
  9389 | D:10     | Reached ***** piety under Trog
  9517 | D:10     | Identified the +8 flail of the Vestibule of Hell {crush,
                  | *Contam rPois Int+8 Stlth+}
  9939 | D:10     | Found a staircase to the Orcish Mines.
 10246 | Lair:1   | Entered Level 1 of the Lair of Beasts
 10956 | Lair:1   | Noticed Harold
 10974 | Lair:1   | Killed Harold
 10974 | Lair:1   | Received a gift from Trog
 11310 | Lair:1   | Found a runed translucent gate.
 11310 | Lair:1   | Found a runed translucent gate.
 11310 | Lair:1   | Found a runed translucent gate.
 11310 | Lair:1   | Noticed mhoghedin's ghost (novice DrWn)
 11352 | Lair:1   | Reached XP level 12. HP: 62/106 MP: 11/11
 11357 | Lair:1   | Received a gift from Trog
 11691 | Lair:1   | Noticed a four-headed hydra
 11701 | Lair:1   | Killed a four-headed hydra
 11758 | Lair:1   | Gained mutation: Your movements are slightly less
                  | encumbered by armour. (ER -2) [mutagenic glow]
 11966 | Lair:1   | Reached skill level 14 in Axes
 12190 | Lair:1   | Found a stormy altar of Qazlal.
 12680 | Lair:2   | Reached skill level 1 in Maces & Flails
 13637 | Lair:2   | Noticed Sonja
 13646 | Lair:2   | Killed Sonja
 14109 | Lair:3   | Noticed a six-headed hydra
 14109 | Lair:3   | Noticed a four-headed hydra
 14120 | Lair:3   | Killed a six-headed hydra
 14120 | Lair:3   | Received a gift from Trog
 14123 | Lair:3   | Killed a four-headed hydra
 14219 | Lair:3   | Found a staircase to the Snake Pit.
 14553 | Lair:3   | Received a gift from Trog
 15133 | Lair:4   | Reached XP level 13. HP: 61/116 MP: 12/12
 15214 | Lair:4   | Found a dark tunnel.
 15228 | Volcano  | Entered a volcano
 15280 | Volcano  | Reached skill level 15 in Axes
 16093 | Lair:4   | Gained mutation: You are occasionally teleported next to
                  | monsters. [mutagenic glow]
 16673 | Lair:4   | Found a staircase to the Shoals.
 16689 | Lair:4   | Received a gift from Trog
 17008 | Lair:5   | Noticed Nessos
 17022 | Lair:5   | HP: 3/117 [Nessos/bolt of acid (6)]
 17022 | Lair:5   | Splashed by Nessos's acid

Levels and vault maps discovered:
D:1:      evilmike_arrival_hilbert_curve, layout_loops_ring
D:2:      layout_basic, nicolae_overflow_hidden_temple
D:3:      layout_rooms, regret_index_temple_of_mockery,
          chequers_ecumenical_altar_simple_redux, uniq_natasha
D:4:      layout_loops_ring, first_ration, serial_shops, shop,
          uniq_crazy_yiuf_cottage, uniq_duvessa, uniq_pikel
D:5:      layout_rooms, serial_bayou_pond_c
D:6:      layout_gridville, minmay_temple_entry_glass,
          chequers_serial_rivers_room_a, uniq_menkaure
D:7:      layout_rooms, grunt_livestock, minivault_27, minmay_hedge_maze
D:8:      wad_statue_garden, layout_loops_corners,
          nicolae_ru_sacrificial_ziggurat, serial_shops, shop,
          nrook_mini_backslash, grunt_qazlal_sundering
D:9:      layout_long_grid, grunt_dithmenos_smoke_and_mirrors,
          minmay_lair_entry_lava, serial_shops, kennysheep_mini
D:10:     layout_small_grid, david_orc_4, enter_bailey_2, special_room
          [special_room_bee], nicolae_twisting_strands
Lair:1:   layout_regular_city, gammafunk_ghost_necromancy, lemuel_centaur_altar,
          grunt_megastairs_5, minmay_lair_oklob_chamber, lemuel_fruit_fields,
          uniq_harold
Lair:2:   layout_cave_shapes, uniq_sonja
Lair:3:   layout_regular_city, dummy_snake_entry
Lair:4:   layout_misc_corridors, elwin_shoals_entry_rooms,
          nicolae_volcano_entry_vermiform, beast_lair_carwin_1
Lair:5:   minmay_lair_oklob_tunnel, layout_long_grid, slime_altar_1,
          nicolae_lair_grove_arrangements, uniq_nessos, uniq_josephine

Skill      XL: |  1  2  3  4  5  6  7  8  9 10 11 12 13 |
---------------+----------------------------------------+-----
Fighting       | 4 5 6 8 9 10 11 | 11.9
Axes           | 4 5 6 8 10 11 12 13 14 15 | 15.2
Dodging        | 3 4 5 6 |  6.1
Stealth        | 1 2 |  2.8
Armour         | 3 5 6 8 9 |  9.6
Bows           | 6 9 11 13 14 | 14.0
Maces & Flails | 1 |  1.5

Action                   |  1- 3 |  4- 6 |  7- 9 | 10-12 | 13-15 || total
-------------------------+-------+-------+-------+-------+-------++-------
Melee: Hand axe          |    85 |    35 |       |       |       ||   120
       Headbutt          |    13 |     6 |    48 |    88 |    15 ||   170
       War axe           |       |    31 |   217 |   383 |    20 ||   651
       Flail             |       |       |       |     7 |     2 ||     9
       Broad axe         |       |       |       |       |    34 ||    34
 Fire: Shortbow          |       |       |    78 |   413 |   114 ||   605
Invok: Berserk           |       |     2 |     3 |     9 |     2 ||    16
Evoke: Wand              |       |       |       |     2 |       ||     2
  Use: Scroll            |       |       |       |    22 |     1 ||    23
       Potion            |       |       |       |     7 |     2 ||     9
 Stab: Sleeping          |       |     3 |     1 |       |       ||     4
  Eat: Chunk             |     1 |     4 |     8 |    23 |     4 ||    40
       Ration            |       |       |     2 |     4 |     1 ||     7
Armor: Animal skin       |    23 |     9 |       |       |       ||    32
       Ring mail         |       |    10 |    86 |    23 |       ||   119
       Scale mail        |       |       |       |    90 |    15 ||   105
       Chain mail        |       |       |       |    72 |     8 ||    80
Dodge: Dodged            |    48 |    44 |   130 |   306 |    38 ||   566

Table legend:
 A = Non-vault XP
 B = Vault XP
 C = Vault XP percentage of total XP
 D = Non-vault monster count
 E = Vault monster count
 F = Vault count percentage of total count
                 A         B        C        D         E       F
            +---------+---------+-------+---------+---------+-------
      Total |   30080 |   18203 |  37.7 |     281 |      94 |  25.1
            +---------+---------+-------+---------+---------+-------
        D:1 |      21 |       0 |   0.0 |      15 |       0 |   0.0
        D:2 |      56 |       0 |   0.0 |      16 |       0 |   0.0
        D:3 |     124 |      35 |  22.0 |      20 |       1 |   4.8
        D:4 |     150 |     912 |  85.9 |       7 |       4 |  36.4
        D:5 |     949 |       0 |   0.0 |      31 |       0 |   0.0
        D:6 |     274 |     172 |  38.6 |       7 |       1 |  12.5
        D:7 |    1560 |     980 |  38.6 |      32 |       5 |  13.5
        D:8 |     751 |    2210 |  74.6 |      14 |      12 |  46.2
        D:9 |    3288 |    1055 |  24.3 |      24 |       1 |   4.0
       D:10 |    3451 |    2191 |  38.8 |      20 |      38 |  65.5
     Lair:1 |    4222 |    3104 |  42.4 |      23 |      11 |  32.4
     Lair:2 |    4975 |     788 |  13.7 |      24 |       1 |   4.0
     Lair:3 |    6058 |       0 |   0.0 |      23 |       0 |   0.0
     Lair:4 |    3843 |    4313 |  52.9 |      24 |      12 |  33.3
     Lair:5 |     358 |       0 |   0.0 |       1 |       0 |   0.0
    Volcano |       0 |    2443 | 100.0 |       0 |       8 | 100.0
            +---------+---------+-------+---------+---------+-------
